 Dungeon Crawl Stone Soup version 0.17.2-1-ge4368a0 (webtiles) character file.

1005 Goblin1989 the Slicer (level 8, -4/51 HPs)
             Began as a Kobold Berserker on Sept 20, 2019.
             Was a Believer of Trog.
             Slain by a decayed bog body (20 damage)
             ... in an ossuary.
             The game lasted 00:09:51 (4111 turns).

Goblin1989 the Slicer (Kobold Berserker)            Turns: 4111, Time: 00:09:51

Health: -4/51      AC:  7    Str: 16    XL:     8   Next: 44%
Magic:  8/8        EV: 17    Int:  5    God:    Trog [**....]
Gold:   216        SH:  0    Dex: 17    Spells: 0 memorised, 7 levels left

rFire  . . .     SeeInvis .     a - +0 short sword
rCold  + . .     Clarity  .     C - +2 leather armour {rC+}
rNeg   . . .     SustAt   .     (shield restricted)
rPois  .         Gourm    .     q - +0 helmet
rElec  .         Spirit   .     (no cloak)
rCorr  .         Warding  .     (no gloves)
rMut   .         Stasis   .     p - +0 pair of boots
MR     ++...                    (no amulet)
Stlth  +++.......               (no ring)
                                (no ring)

@: exhausted, regenerating, slowed, very slow, very resistant to hostile
enchantments, fairly stealthy
A: carnivore 3
a: Berserk, Trog's Hand, Burn Spellbooks, Renounce Religion


You were in an ossuary.
You worshipped Trog.
Trog was pleased with you.
You were full.

You visited 1 branch of the dungeon, and saw 5 of its levels.
You also visited: Ossuary.

You collected 216 gold pieces.

Inventory:

Hand Weapons
 a - a +0 short sword (weapon)
 b - a +2 dagger of venom
Missiles
 m - 2 tomahawks (quivered)
Armour
 p - a +0 pair of boots (worn)
 q - a +0 helmet (worn)
 C - a +2 leather armour of cold resistance (worn)
Scrolls
 e - 2 scrolls of enchant armour {unknown}
 f - a scroll of random uselessness {unknown}
 h - 2 scrolls of remove curse {unknown}
 i - a scroll of teleportation {unknown}
 k - 2 scrolls of identify {unknown}
 l - a scroll of blinking {unknown}
 o - a scroll of amnesia {unknown}
 v - a scroll of noise {unknown}
Potions
 g - a potion of lignification {unknown}
 j - 2 potions of flight {unknown}
 n - a potion of heal wounds {@q2, !q}
 s - a potion of poison {unknown}
 t - a potion of berserk rage {unknown}
 u - a potion of invisibility {unknown}
 w - a potion of cure mutation {unknown}
 x - a potion of might {unknown}
 y - a potion of cancellation {unknown}
 A - a potion of magic {unknown}
 B - a potion of haste {unknown}
Comestibles
 c - 2 meat rations {@e2}


   Skills:
 + Level 5.7 Fighting
 * Level 8.7 Short Blades
 - Level 1.5 Armour
 + Level 5.1 Dodging
 + Level 5.7 Stealth


You had 7 spell levels left.
You didn't know any spells.

Dungeon Overview and Level Annotations

Branches:
Dungeon (5/15)
 Temple: D:4-7

Altars:
Fedhas

Annotations:
D:3 IWannaBeepSomebody's ghost, amateur OpAM


Innate Abilities, Weirdness & Mutations

You are small and have problems with some larger weapons.
You are carnivorous and can eat meat at any time.


Message History

Trog appreciates your killing of a magic user.
A decayed bog body comes into view.
Unknown command.
You regained 2 hp, and now have 25/51 hp.
You hit the mummy but do no damage.
The water moccasin zombie bites you but does no damage.
The mummy barely misses you.
You hit the mummy but do no damage. The water moccasin zombie bites you.
You hit the mummy.
The mummy is lightly damaged.
Your skin stops crawling.
You feel less resistant to hostile enchantments.
The water moccasin zombie closely misses you.
The mummy hits you!
* * * LOW HITPOINT WARNING * * *
You take 17 damage, and have 9/51 hp.
O_OOPS!!
MASSIVE DAMAGE!!
Drink which item? (? for menu, Esc to quit)
It was a potion of heal wounds.
You feel much better.
The water moccasin zombie completely misses you.
The water moccasin zombie closely misses you.
The mummy hits you!
* * * LOW HITPOINT WARNING * * *
You regained 12 hp, and now have 21/51 hp.
Drink which item? (? for menu, Esc to quit)
Really quaff
n - 2 potions of heal wounds {@q2, !q}?
You feel much better. The water moccasin zombie bites you.
The mummy closely misses you.
You regained 23 hp, and now have 44/51 hp.
Unknown command.
You hit the mummy.
The mummy is moderately damaged.
You hit the mummy but do no damage.
The mummy is moderately damaged.
The decayed bog body gestures at you while chanting.
The puff of frost hits you! You resist. The mummy misses you.
The decayed bog body closely misses you.
The decayed bog body touches you but does no damage.
You take 3 damage, and have 41/51 hp.
You hit the mummy.
The mummy is moderately damaged.
The decayed bog body closely misses you.
The decayed bog body barely misses you.
Unknown command.
You hit the mummy but do no damage.
The mummy is moderately damaged.
The mummy closely misses you. The decayed bog body barely misses you.
The decayed bog body barely misses you.
You completely miss the mummy.
The mummy is moderately damaged.
The decayed bog body closely misses you.
The decayed bog body touches you but does no damage.
The mummy closely misses you.
You hit the mummy.
The mummy is severely damaged.
The decayed bog body gestures at you while chanting.
The puff of frost misses you.
You hit the mummy.
The mummy is severely damaged.
The decayed bog body closely misses you.
The decayed bog body completely misses you.
The mummy barely misses you.
You hit the mummy.
You destroy the mummy!
The decayed bog body barely misses you.
The decayed bog body touches you but does no damage.
You closely miss the water moccasin zombie.
The water moccasin zombie bites you. The decayed bog body barely misses you.
The decayed bog body completely misses you.
You take 1 damage, and have 41/51 hp.
You hit the water moccasin zombie but do no damage.
The water moccasin zombie completely misses you.
The decayed bog body casts a spell at you.
You resist with some effort. The water moccasin zombie bites you.
You take 1 damage, and have 40/51 hp.
Your leather armour prevents you from hitting the decayed bog body.
The decayed bog body hits you!!
* * * LOW HITPOINT WARNING * * *
The decayed bog body completely misses you.
The water moccasin zombie completely misses you.
You take 21 damage, and have 19/51 hp.
O_OOPS!!
MASSIVE DAMAGE!!
You closely miss the decayed bog body.
The water moccasin zombie bites you but does no damage.
The decayed bog body closely misses you.
The decayed bog body completely misses you.
Unknown command.
Your skin crawls.
You feel resistant to hostile enchantments.
The water moccasin zombie barely misses you.
The decayed bog body casts a spell at you.
The puff of frost hits you!
The water moccasin zombie completely misses you.
The decayed bog body barely misses you.
The decayed bog body closely misses you.
You regained 2 hp, and now have 21/51 hp.
You hit the decayed bog body.
The decayed bog body is moderately damaged.
The water moccasin zombie bites you.
* * * LOW HITPOINT WARNING * * *
The decayed bog body hits you!!
You die... █████

█..@█ ██ █.nZ███
█.. █...█.█
█≈≈█≈.██∆██∆██▲██.█
█≈≈P.≈≈≈≈≈........▲
≈≈█≈≈.≈.█∆█∆█∆█▲█▲█
≈≈≈≈≈P█.≈.█.█.█
█████≈≈████████ ███


You could see a decayed bog body and a water moccasin zombie.

Vanquished Creatures
  Sigmund (D:4)
  Edmund (D:4)
  A centaur (D:5)
  A wyvern zombie (Ossuary)
  A bog body (Ossuary)
  A giant frog zombie (Ossuary)
  4 orc wizards
  2 centaur skeletons
  3 iguanas
  2 giant frog skeletons (D:4)
  3 worker ants (D:4)
  3 mummies (Ossuary)
  2 worker ant zombies (Ossuary)
  2 adders
  An ooze (D:4)
  An adder zombie (Ossuary)
  An adder skeleton (D:4)
  A worm (D:3)
  A giant gecko (D:1)
  2 orcs
  A ball python (D:3)
  7 giant cockroaches
  3 goblins
  5 hobgoblins
  A ball python skeleton (D:4)
  14 bats
  A giant gecko zombie (Ossuary)
  2 giant newts
  A jackal skeleton (D:4)
  4 kobolds
  A quokka (D:4)
  2 rats
76 creatures vanquished.

Vanquished Creatures (others)
  3 plants
3 creatures vanquished.

Grand Total: 79 creatures vanquished

Notes
Turn   | Place    | Note
--------------------------------------------------------------
     0 | D:1      | Goblin1989 the Kobold Berserker began the quest for the Orb.
     0 | D:1      | Reached XP level 1. HP: 14/14 MP: 1/1
    84 | D:1      | Reached skill level 1 in Stealth
   158 | D:1      | Reached XP level 2. HP: 19/19 MP: 2/2
   980 | D:2      | Reached XP level 3. HP: 23/23 MP: 3/3
  1251 | D:2      | Reached ** piety under Trog
  1660 | D:2      | Found a blossoming altar of Fedhas.
  1898 | D:3      | Reached skill level 5 in Short Blades
  1898 | D:3      | Reached XP level 4. HP: 16/29 MP: 4/4
  2408 | D:3      | Noticed IWannaBeepSomebody's ghost (amateur OpAM)
  2422 | D:4      | Noticed Sigmund
  2424 | D:4      | Noticed Edmund
  2438 | D:4      | Reached XP level 5. HP: 33/33 MP: 5/5
  2515 | D:4      | Killed Sigmund
  2515 | D:4      | Reached skill level 6 in Short Blades
  2515 | D:4      | Reached XP level 6. HP: 39/39 MP: 6/6
  2706 | D:4      | Reached XP level 7. HP: 44/44 MP: 7/7
  2939 | D:4      | Killed Edmund
  2939 | D:4      | Reached skill level 7 in Short Blades
  3004 | D:4      | Reached skill level 5 in Fighting
  3521 | D:5      | Entered Level 5 of the Dungeon
  3539 | D:5      | Reached skill level 5 in Stealth
  3609 | D:5      | Reached skill level 8 in Short Blades
  3609 | D:5      | Reached XP level 8. HP: 10/49 MP: 8/8
  3645 | D:5      | Found a sand-covered staircase.
  3886 | Ossuary  | Entered an ossuary
  4025 | Ossuary  | Reached skill level 5 in Dodging
  4111 | Ossuary  | Slain by a decayed bog body

Action                   |  1- 3 |  4- 6 |  7- 9 || total
-------------------------+-------+-------+-------++-------
Melee: Short sword       |   121 |    73 |   210 ||   404
Invok: Berserk           |       |     3 |     4 ||     7
       Trog's Hand       |       |     1 |     4 ||     5
  Use: Scroll            |       |       |     1 ||     1
       Potion            |       |       |     3 ||     3
 Stab: Sleeping          |     6 |     4 |     6 ||    16
  Eat: Chunk             |    11 |     6 |     7 ||    24

Vault maps used:
D:1:      dpeg_arrival_tiny_a, minivault_25, minivault_5
D:2:      old_standard_altar, grunt_ministairs_3
D:3:      minmay_overflow_temple_hex, first_bread, ecumenical_altar_1
D:4:      serial_forest, infiniplex_forest_straight_2, infiniplex_forest_end_1,
          infiniplex_forest_clump_cross, infiniplex_forest_end_3,
          infiniplex_forest_straight_3, infiniplex_forest_split,
          infiniplex_forest_corner_1, infiniplex_forest_clump_C, uniq_edmund,
          uniq_sigmund
D:5:      serial_glass, glass_columns_b, glass_columns_b, due_unseen_surprise,
          feat_on_display, item_on_display_a, enter_ossuary_1
Ossuary:  ossuary_zaba_flooded
